Cogmind - Beta 16 @@@ ROGUE MODE // 2025.11.26 @ 16:39:58 Player: AngelSpirit Result: Destroyed by Y-54 Guardian with Gatling Laser Performance ------------- Evolutions (0) 0 Regions Visited (3) 600 Robots Destroyed (20) 100 Value Destroyed (558) 558 Prototype IDs (0) 0 Alien Tech Used (0) 0 Bonus (0) 0 TOTAL SCORE: 1258 Bonus ------- None Cogmind --------- Core Integrity 0/250 Matter 293/300 Energy 197/200 System Corruption 0% Temperature Warm (170) Movement Rolling (95) Location -7/Recycling Parts ------- > --- POWER (1) -------- Subdweller Power Source > --- PROPULSION (2) --- Wheel Subdweller Monowheel > --- UTILITY (2) ------ Medium Storage Unit > --- WEAPON (2) ------- Subdweller Laser > --- INVENTORY (10) --- High-capacity Matter Pod (200) Signal Interpreter Seismic Detector Scrap Shield Hacking Suite Peak State ------------ > --- POWER ------------ Subdweller Power Source > --- PROPULSION ------- Wheel Subdweller Monowheel > --- UTILITY ---------- Scrap Shield > --- WEAPON ----------- Subdweller Laser Barrage Gun > --- INVENTORY -------- High-capacity Matter Pod Seismic Detector Hacking Suite [Rating: 14] Favorites ----------- Power Ion Engine Engine Ion Engine Propulsion Wheel Wheel Wheel Utility Light Armor Plating Storage Medium Storage Unit Protection Light Armor Plating Weapon Medium Laser Energy Gun Medium Laser Ballistic Gun Barrage Gun Build | -11 -10 -10 -7 ------- Run | Yrd Mat Sub Rec Slots Evolved . | . . . . Power . | . . . . Propulsion . | . . . . Utility . | . . . . Weapon . | . . . . Parts Attached 28 | 6 10 12 . Power 4 | 1 1 2 . Engine 4 | 1 1 2 . Core . | . . . . Reactor . | . . . . Propulsion 9 | 2 3 4 . Treads . | . . . . Leg . | . . . . Wheel 9 | 2 3 4 . Hover . | . . . . Flight . | . . . . Utility 8 | 1 4 3 . Device . | . . . . Storage 2 | 1 1 . . Processor . | . . . . Hackware . | . . . . Protection 6 | . 3 3 . Artifact . | . . . . Weapon 7 | 2 2 3 . Energy Gun 5 | 1 2 2 . Energy Cannon . | . . . . Ballistic Gun 2 | 1 . 1 . Ballistic Cannon . | . . . . Launcher . | . . . . Special Weapon . | . . . . Impact Weapon . | . . . . Slashing Weapon . | . . . . Piercing Weapon . | . . . . Special Melee Weapon . | . . . . Unidentified Prototypes . | . . . . Parts Lost 11 | . 3 7 1 Power 2 | . 1 1 . Propulsion 5 | . 1 4 . Utility 1 | . . 1 . Weapon 3 | . 1 1 1 Highest Loss Streak 5 | . 2 5 1 To Critical Strikes . | . . . . Average Backups 7 | . 6 8 5 Power . | . . . . Propulsion 1 | . 2 1 . Utility 5 | . 4 6 5 Weapon . | . . . . Tool/Special . | . . . . Unused Backups 7 | . 2 1 4 Power . | . . . . Propulsion 1 | . 1 . . Utility 6 | . 1 1 4 Weapon . | . . . . Tool/Special . | . . . . Average Slot Usage (%) 91 | . 94 89 82 Engine 10 | . 10 9 14 Wheel 26 | . 27 25 28 Storage 13 | . 14 12 11 Protection 12 | . 12 14 . Energy Gun 20 | . 23 17 14 Ballistic Gun 6 | . 4 9 14 Peak Build Rating 14 | 6 8 14 12 Average Rating 8 | 4 6 10 11 On Entrance 7 | . 6 8 14 Avg Prop Armor Cover (%) . | . . . . Naked Turns . | . . . . Heaviest Build 30 | 12 21 30 22 Greatest Support 32 | 26 32 30 30 Greatest Overweight (x) 4 | . . 4 . Average Overweight (x) . | . . . . Largest Inventory Capacity 10 | 8 10 10 10 Average Capacity 9 | 7 9 9 9 Most Carried 10 | . 10 10 6 Average Carried 7 | . 7 9 5 Final Capacity 10 | 8 10 5 10 Final Carried 9 | . 9 5 6 Class Distribution -------------------- 96% | Mutant 3% | Subdweller-Mutant Dominant Class ---------------- Mutant | -10/Materials Mutant | -10/Subcaves Mutant | -7/Recycling Resources | -11 -10 -10 -7 ----------- Run | Yrd Mat Sub Rec Matter Collected 733 | 176 368 189 . Remotely . | . . . . Salvage Created 635 | . 361 274 . Parts 40 | . 20 20 . Haulers Intercepted 1 | . 1 . . Recyclers Shooed . | . . . . Parts Field Recycled . | . . . . Retrieved Matter . | . . . . Parts Self-Destructed 19 | . . 19 . Prevented . | . . . . Parts Restored . | . . . . Kills | -11 -10 -10 -7 ------- Run | Yrd Mat Sub Rec Combat Hostiles Destroyed 15 | . 7 8 . Guns 15 | . 7 8 . Classes Destroyed 7 | . 4 3 . Hauler 1 | . 1 . . Operator 1 | . 1 . . Turret 2 | . . 2 . Watcher 1 | . 1 . . Swarmer 4 | . . 4 . Grunt 7 | . 7 . . Subdweller 4 | . . 4 . Best Kill Streak 4 | . 2 4 . Combat Bots Only 4 | . 2 4 . Max Kills in Single Turn 2 | . 1 2 . Gunslinging 1 | . . 1 . Exploded . | . . . . Melee . | . . . . Uniques/NPCs Destroyed . | . . . . Combat | -11 -10 -10 -7 -------- Run | Yrd Mat Sub Rec Hostile Shots Fired 156 | . 55 71 30 Missed 62 | . 12 32 18 Hits 94 | . 43 39 12 Projectile 94 | . 43 39 12 AOE 7 | . . 7 . Critical Strikes 3 | . 2 1 . Damage Taken 1511 | . 618 797 96 Core 258 | . 57 190 11 Absorbed by Shields . | . . . . Core Remaining (%) 100 | 100 . . . Volleys Fired 104 | . 56 43 5 Largest 2 | . 2 2 2 Hottest 90 | . 90 90 88 Shots Fired 187 | . 105 74 8 Gun 187 | . 105 74 8 Cannon . | . . . . Launcher . | . . . . Special . | . . . . Kinetic 45 | . 21 21 3 Thermal 142 | . 84 53 5 Explosive . | . . . . Electromagnetic . | . . . . Robot Hit Streak 17 | . 11 17 7 Robot Miss Streak 5 | . 5 4 1 Penetration Max . | . . . . Secondary Targets 1 | . . 1 . Max Gunslinging Chain 1 | . . 1 . Shots Hit Robots 115 | . 58 50 7 Core Hits 38 | . 20 17 1 Critical Kills . | . . . . Critical Parts Destroyed 2 | . 1 . 1 Critical Strikes 8 | . 5 2 1 Burn 6 | . 4 2 . Destroy 2 | . 1 . 1 Melee Attacks . | . . . . Impact . | . . . . Slashing . | . . . . Piercing . | . . . . Sneak Attacks . | . . . . Combat Hostiles . | . . . . Follow-up Attacks . | . . . . Damage Inflicted 1613 | . 711 773 129 Guns 1613 | . 711 773 129 Cannons . | . . . . Explosions . | . . . . Melee . | . . . . Ramming . | . . . . Kinetic 518 | . 212 257 49 Thermal 1095 | . 499 516 80 Explosive . | . . . . Electromagnetic . | . . . . Impact . | . . . . Slashing . | . . . . Piercing . | . . . . Highest Corruption . | . . . . Average Corruption . | . . . . Corruption Purged . | . . . . Corruption Blocked . | . . . . Overload Shots . | . . . . Overflow Damage . | . . . . Projectiles . | . . . . Explosions . | . . . . Melee . | . . . . Knockbacks . | . . . . Impact . | . . . . Kinetic . | . . . . Secondary . | . . . . Self-Inflicted Damage . | . . . . Shots . | . . . . Rammed . | . . . . Targets Rammed . | . . . . Kicked . | . . . . Crushed . | . . . . Highest Temperature 323 | . 323 32 158 Average Temperature 79 | . 90 9 100 Received Heat Transfer 537 | . 354 147 36 Effects 1 | . 1 . . Shutdowns 1 | . 1 . . Siege Activations . | . . . . Martial Activations . | . . . . Shielding Activations . | . . . . Robots Disrupted . | . . . . Combat Hostiles . | . . . . Robots Corrupted . | . . . . Combat Hostiles . | . . . . Parts Fried . | . . . . Impact Corruptions . | . . . . Robots Melted 1 | . 1 . . Combat Hostiles . | . . . . Parts Melted 3 | . 1 2 . Heat Transferred 2984 | . 1717 1167 100 Parts Sabotaged . | . . . . Parts Stolen . | . . . . Parts Stripped . | . . . . Power Chain Reactions . | . . . . Alert | -11 -10 -10 -7 ------- Run | Yrd Mat Sub Rec Maximum Alert Level . | . . . . Low Security (%) 100 | 100 100 . 100 Level 1 . | . . . . Level 2 . | . . . . Level 3 . | . . . . Level 4 . | . . . . Level 5 . | . . . . High Security . | . . . . Max Security . | . . . . Peak Influence 77 | . 77 . 66 Initial 66 | . . . 66 Average 21 | . 20 . 57 Influence Increases 446 | . 266 180 . Destroy 0b10 Robot/C 260 | . 140 120 . Destroy 0b10 Robot/NC 15 | . 15 . . Destroy Leader 44 | . 44 . . Successful Hack 21 | . 21 . . Destroy Structure 1 | . 1 . . Lose Combat Pursuer 105 | . 45 60 . Influence Decreases 410 | . 248 60 102 Entered New Map 82 | . . 10 72 Time Decay 308 | . 248 40 20 Lost Part 20 | . . 10 10 Squads Dispatched 2 | . 2 . . Investigation 1 | . 1 . . Extermination . | . . . . Reinforcement 1 | . 1 . . Assault . | . . . . Garrison . | . . . . Intercept . | . . . . Searches Triggered . | . . . . Construction Impeded . | . . . . Haulers Reinforced . | . . . . Active Scanning Responses . | . . . . Cargo Convoy Interrupts . | . . . . Stealth | -11 -10 -10 -7 --------- Run | Yrd Mat Sub Rec Distress Signals 1 | . 1 . . Communications Jammed . | . . . . Distress Signals . | . . . . Times Spotted 35 | . 22 12 1 Peak Tracking Total 6 | . 4 6 1 Tactical Retreats 4 | . 2 2 . Traps | -11 -10 -10 -7 ------- Run | Yrd Mat Sub Rec Traps Triggered 5 | . 2 3 . Indirectly . | . . . . Trap Hack Attempts . | . . . . Triggered . | . . . . Disarmed . | . . . . Reprogrammed . | . . . . Reused . | . . . . Traps Extracted . | . . . . Installed 2 | . . 2 . Triggered . | . . . . Machines | -11 -10 -10 -7 ---------- Run | Yrd Mat Sub Rec Machines Disabled 1 | . . 1 . Max in Single Turn 1 | . . 1 . Machines Repaired . | . . . . Machines Dismantled . | . . . . Machines Sabotaged . | . . . . Overloaded Fab Kills . | . . . . Hacking | -11 -10 -10 -7 --------- Run | Yrd Mat Sub Rec Machines Accessed 9 | . 8 . 1 Terminals 6 | . 6 . . Fabricators . | . . . . Repair Stations . | . . . . Recycling Units 3 | . 2 . 1 Scanalyzers . | . . . . Garrison Access . | . . . . Total Hacks 26 | . 23 . 3 Successful 14 | . 11 . 3 Failed 12 | . 12 . . Catastrophic 1 | . 1 . . Database Lockouts . | . . . . Manual 7 | . 7 . . Terminals 18 | . 18 . . Fabricators . | . . . . Repair Stations . | . . . . Recycling Units 8 | . 5 . 3 Scanalyzers . | . . . . Garrison Access . | . . . . Terminal Hacks 5 | . 5 . . Robot Analysis 2 | . 2 . . Branch Access Points 1 | . 1 . . Alert Level 1 | . 1 . . Zone Layout 1 | . 1 . . Fabricator Hacks . | . . . . Repair Station Hacks . | . . . . Recycling Unit Hacks 7 | . 4 . 3 Process 2 | . 1 . 1 Report Inventory 3 | . 2 . 1 Retrieve Matter 2 | . 1 . 1 Scanalyzer . | . . . . Garrison Access Hacks . | . . . . Unauthorized Hacks 2 | . 2 . . Terminals 2 | . 2 . . Botnet 2 | . 2 . . Fabricators . | . . . . Repair Stations . | . . . . Recycling Units . | . . . . Scanalyzers . | . . . . Garrison Access . | . . . . Data Cores Recovered . | . . . . Used . | . . . . Hacking Detections 7 | . 7 . . Full Trace Events . | . . . . Feedback Events . | . . . . Feedback Blocked . | . . . . Robot Schematics Acquired . | . . . . Robots Built . | . . . . Authchips . | . . . . Time . | . . . . Total Robot Build Rating . | . . . . Part Schematics Acquired . | . . . . Parts Built . | . . . . Authchips . | . . . . Time . | . . . . Total Part Build Rating . | . . . . Part Studies Acquired . | . . . . Parts Repaired . | . . . . Time . | . . . . Parts Recycled . | . . . . Recycled Matter 219 | . 204 . 15 Retrieved Matter 437 | . 422 . 15 Retrieved Components . | . . . . Parts Scanalyzed . | . . . . Part Schematics Acquired . | . . . . Parts Damaged . | . . . . Bothacking | -11 -10 -10 -7 ------------ Run | Yrd Mat Sub Rec Used RIF Installer . | . . . . Robots Hacked . | . . . . Non-combat . | . . . . Combat . | . . . . Robot Hacks Applied . | . . . . Relay Couplers Released . | . . . . Fabnet Peak Effective % . | . . . . Robots Rewired . | . . . . Allies Hacked . | . . . . Hacks Repelled . | . . . . Allies | -11 -10 -10 -7 -------- Run | Yrd Mat Sub Rec Total Allies . | . . . . Largest Group . | . . . . Highest-Rated Group . | . . . . Highest-Rated Ally . | . . . . Total Orders . | . . . . Ally Attacks . | . . . . Total Damage . | . . . . Kills . | . . . . Allies Corrupted . | . . . . Allies Melted . | . . . . Intel | -11 -10 -10 -7 ------- Run | Yrd Mat Sub Rec Active Infowar (turns) . | . . . . Robot Analysis Total 2 | . 2 . . Derelict Logs Recovered 1 | . . 1 . Drone Launches . | . . . . Drone Recoveries . | . . . . Exploration | -11 -10 -10 -7 ------------- Run | Yrd Mat Sub Rec Turns Passed 1598 | 39 836 676 47 Spaces Moved 1306 | 34 685 557 30 Core 10 | 2 . 8 . Treads . | . . . . Legs . | . . . . Wheels 1296 | 32 685 549 30 Hover . | . . . . Flight . | . . . . Fastest Speed 50 | 50 90 80 95 Average Speed 91 | 87 90 93 95 Slowest Speed 250 | 100 100 250 95 Overloaded Moves . | . . . . Propulsion Burnouts . | . . . . Robots Hopped . | . . . . Potential Cave-ins . | . . . . Cave-ins Triggered . | . . . . Exploration Rate (%) 31 | 3 89 26 6 Regions Visited 3 Branch Regions 2 Pre-discovered Areas 1 | . . 1 . Known Exits Taken . | . . . . Unknown Exits Taken 3 | 1 1 1 . Scrap Searched 4 | . . 4 . Spaces Dug . | . . . . Terrain Destroyed . | . . . . Melee . | . . . . Projectile . | . . . . AOE . | . . . . Terrain Rammed . | . . . . Walls Destroyed . | . . . . Machines Disabled . | . . . . Actions | -11 -10 -10 -7 --------- Run | Yrd Mat Sub Rec Total 1514 | 39 796 637 42 Wait 33 | . 21 8 4 Move 1303 | 33 684 556 30 Hop . | . . . . Pick Up 23 | . 16 6 1 Fast Attach 16 | 6 4 6 . Attach 8 | . 2 5 1 Detach . | . . . . Swap 5 | . 4 1 . Drop 20 | . 9 10 1 Fire 104 | . 56 43 5 Melee . | . . . . Ram . | . . . . Kick . | . . . . Crush . | . . . . Escape Stasis . | . . . . Rewire . | . . . . Trap 2 | . . 2 . Miscellaneous . | . . . . Route ------- -11/Scrapyard -10/Materials (discovered 5 exits: [*Mat x3] / *Min / [*Sub]) -10/Subcaves -7/Recycling History --------- Turn | Location | Event 2 | -11/Scrapyard | Met Revision 17 17 | -11/Scrapyard | Discovered new exit (range 16) 40 | -11/Scrapyard | Entered Materials 198 | -10/Materials | Discovered new exit (range 15) 200 | -10/Materials | Discovered new exit (range 12) 249 | -10/Materials | Identified exit to Mines 310 | -10/Materials | Discovered new exit (range 5) 325 | -10/Materials | Build established: Mutant 569 | -10/Materials | Discovered new exit (range 5) 870 | -10/Materials | Discovered new exit (range 8) 876 | -10/Materials | Entered Subcaves 877 | -10/Subcaves | Approached by a straggling Scientist 914 | -10/Subcaves | A swath of the cavern ceiling suddenly collapsed 988 | -10/Subcaves | Ambushed by Subdwellers from Twisted Machinery 1028 | -10/Subcaves | Core integrity fell below 50% 1053 | -10/Subcaves | Lost 5 parts (1p2n1u1w) 1157 | -10/Subcaves | Learned location of Zion (-7) 1201 | -10/Subcaves | Shifting Twisted Machinery released Barrage Gun 1426 | -10/Subcaves | Core integrity fell below 20% 1523 | -10/Subcaves | Discovered new exit (range 13) 1552 | -10/Subcaves | Entered Recycling 1599 | -7/Recycling | Destroyed by Y-54 Guardian with Gatling Laser Last Messages --------------- 01556_ Connecting with Recycling Unit... 01556_ Current location identified: Recycling >>Recycling(Report) Matter reserves: 0 Inventory: System Restoration Module (26%) Imp. Field Recycling Unit (67%) >>Recycling(Process) Analyzing inventory... Recycling at 100% efficiency: System Restoration Module (0) Imp. Field Recycling Unit (15) >>Retrieve(Matter) Matter ejected: 15 01588_ Y-54 Guardian springs to life. 01590_ Y-54 Guardian suffers critical hit (Destroy). 01590_ Destroyed Lgt. Treads. 01593_ R-06 Scavenger destroyed. 01596_ Barrage Gun destroyed. Map ----- +----------------------------------------------------+ | ???????????????????????????? | | ???????????????????????????? | | ???????????????????????????? | | ???????????????????????????? | | ???????????????????????????? | | ???????????????????????????? | | ???????????????????????????? | | ???????????????????????????? | | ???????????????????????????? | | ???????????????????????????? | | ???????????????????????????? | | ???????????????????????????? | | ???????????????????????????? | | ???????????????????????????? | | ???????????????????????????? | | ???????????????????????????? | | ???????????????????????????? | | ??#####????????????????????? | | ### ###########??????????? | | #"" # #??????????? | | #"Y% # #??????????? | | #"" # #??????????? | | ### # """ """ #??????????? | | ??# + """ """ #??????????? | | ??# = # """ """ #??????????? | | ??#@%!# #??????????? | | ??# = # #??????????? | | ??# ###########??????????? | | ??# #????????????????????? | | ??# #????????????????????? | | ??# #????????????????????? | | ??# rY#????????????????????? | | ??# ????????????????????? | | ??# #????????????????????? | | ??# #????????????????????? | | ??# #????????????????????? | | ??# #????????????????????? | | ??# #????????????????????? | | ??? ????????????????????? | | ??? ????????????????????? | | ??? ?????????????????????? | | ???????????????????????????? | | ???????????????????????????? | | ???????????????????????????? | | ???????????????????????????? | | ???????????????????????????? | | ???????????????????????????? | | ???????????????????????????? | | ???????????????????????????? | | ???????????????????????????? | +----------------------------------------------------+ Best States ------------- Heat Dissipation 25 Energy Generation 15 Energy Capacity 250 Matter Stores 300 Matter Capacity 300 Sight Range 16 Terrain Scan Density 10 Armor Coverage 800 Evasion (%) 44 Item Schematics ----------------- None Robot Schematics ------------------ None Fabricated ------------ Nothing Repaired ---------- Nothing Studied --------- None Alien Tech Used ----------------- None Achievements -------------- None Challenges ------------ None Game ------ Seed GravmagTrackerJammer Manual? 0 Play Time 00:16:21 Cumulative 123.5 hours Start 2025.11.26 @ 16:24:14 End 2025.11.26 @ 16:39:58 Sessions 1 Manual Loads 0 Difficulty Rogue Special Mode None Game No. 66 Rogue 66 Adventurer 0 Explorer 0 Win Type - Total 1 Types 1/0/0/0/0/0/0/0/0/0 Lore% 61 Gallery% 58 Achievement% 44 Wizard Run 0 Options --------- Layout 1 ASCII 0 Keyboard 0 Movement Mouse Keybinds 0 Fullscreen 2 Font 32/SmallcapsGlow Map View 50x35 Zoom Use 0% Tactical HUD 1 Map Filters NONE Filters NONE Steam 1 RUN: 1eb17c26-268f-4802-b761-d67bc18059d3